 Dungeon Crawl Stone Soup version 0.30-a0-134-gb40fab5c76 (webtiles) character file.

Game seed: 16942202641987228292

78 kae the Firebug (level 4, -4/24 HPs)
             Began as a Deep Elf Fire Elementalist on Sept 19, 2022.
             Slain by an orc
             ... wielding a +0 flail
              (9 damage)
             ... on level 2 of the Dungeon.
             The game lasted 00:01:19 (2168 turns).

kae the Firebug (Deep Elf Fire Elementalist)        Turns: 2168, Time: 00:01:20

Health: -4/24      AC:  2    Str:  5    XL:     4   Next: 15%
Magic:  4/11       EV: 12    Int: 22    God:
Gold:   103        SH:  0    Dex: 15    Spells: 1/10 levels left

rFire   . . .      SeeInvis .    (no weapon)
rCold   . . .      Faith    .    (no shield)
rNeg    . . .      Spirit   .    a - +0 robe
rPois   .          Reflect  .    (no helmet)
rElec   .          Harm     .    (no cloak)
rCorr   .          Rampage  .    (no gloves)
Will    .....                    (no boots)
Stlth   ++........               (no amulet)
HPRegen 0.08/turn                (no ring)
MPRegen 0.12/turn                (no ring)

@: no status effects
A: no striking features
a: no special abilities


You were on level 2 of the Dungeon.
You visited 1 branch of the dungeon, and saw 3 of its levels.

You collected 103 gold pieces.


   Skills:
 - Level 2.4 Dodging
 - Level 2.4 Stealth
 + Level 3.7 Spellcasting
 * Level 2.9 Conjurations
 * Level 4.3 Fire Magic


You had one spell level left.
You knew the following spells:

 Your Spells              Type           Power      Damage    Failure   Level
a - Foxfire               Conj/Fire      80%        2x1d8     2%          1
b - Scorch                Fire           46%        2d7       3%          2
c - Kindle Blastsparks    Fire/Tloc/Air  20%        2d11      19%         3
d - Inner Flame           Hex/Fire       13%        N/A       14%         3

Your spell library contained the following spells:

 Spells                   Type           Power      Damage    Failure   Level
 Flame Wave               Conj/Fire      20%        2d7       26%         4

Inventory:

Missiles
 c - 4 boomerangs
 f - 17 stones
 l - 6 poisoned darts
Armour
 a - a +0 robe (worn)
Jewellery
 e - an amulet of magic regeneration
   (You found it on level 1 of the Dungeon)
Scrolls
 h - a scroll of magic mapping {unknown}
 k - a scroll of amnesia {unknown}
 m - a scroll of teleportation {unknown}
 n - a scroll of noise {unknown}
 o - a scroll of acquirement {unknown}
Potions
 b - 2 potions of magic
 d - 2 potions of mutation {unknown}
 g - a potion of curing {@q1}
 i - 2 potions of ambrosia
 j - a potion of brilliance {unknown}

Dungeon Overview and Level Annotations

Branches:
Dungeon (3/15) Zot: 15831

Altars:

######### #.......# #.......#
#######.......#
########...oo@.......#
#...........##.......#
#...........'..###############
#...........##.# #..........
#...........##.### #.#########
###########.##...###.# #
#####'##..))...# #
#....)....#....# #
#.........###..###### #


You could see 2 orcs.


Message History

There is a stone staircase leading up here.
There are monsters nearby!
Okay, then.
Okay, then.
Okay, then.
This spell is quite dangerous to cast!
Memorise Inner Flame, consuming 3 spell levels and leaving 1?
You start memorising the spell.
You continue memorising. x3
You finish memorising.
Spell assigned to 'd'.
Okay, then.
Okay, then.
Casting: Foxfire (safe; 2% risk of failure)
Confirm with . or Enter, or press ? or * to list all spells.
You conjure some foxfire!
The orc shouts! x2
An orc comes into view. It is wielding a +0 dagger.
The foxfire hits the orc.
An orc comes into view. It is wielding a +0 club.
The foxfire hits the orc.
The orc shouts! 😎 MP[-1]
You lost 1 mp, and now have 10/11 mp.
Casting: Foxfire (safe; 2% risk of failure)
Confirm with . or Enter, or press ? or * to list all spells.
You conjure some foxfire!
You hear a shout!
The foxfire hits the orc but does no damage. x2 😎 MP[-1]
You lost 1 mp, and now have 9/11 mp.
Casting: Foxfire (safe; 2% risk of failure)
Confirm with . or Enter, or press ? or * to list all spells.
You conjure some foxfire!
The foxfire hits the orc.
You kill the orc!
The foxfire hits the orc.
The orc barely misses you. 😎 MP[-1]
You lost 1 mp, and now have 8/11 mp.
Unknown command.
Casting: Foxfire (safe; 2% risk of failure)
Confirm with . or Enter, or press ? or * to list all spells.
You conjure some foxfire!
The orc hits you with a +0 club.
The foxfire hits the orc but does no damage.
The foxfire hits the orc.
The orc hits you with a +0 club. 😕 HP[-2]
You take 2 damage, and now have 22/24 hp.
Casting: Foxfire (safe; 2% risk of failure)
Confirm with . or Enter, or press ? or * to list all spells.
You conjure some foxfire!
The orc hits you with a +0 dagger. The orc closely misses you.
The orc misses you.
The foxfire hits the orc but does no damage. x2
The orc barely misses you. x2; The orc closely misses you. 😕 HP[-2] MP[-1]
You take 2 damage, and now have 20/24 hp.
You lost 1 mp, and now have 7/11 mp.
Attack: -) Nothing wielded
Press: ? - help, Dir - move target, f - orc
Aim: an orc, wielding a +0 flail and wearing a +0 chain mail (moderately wounded, about 35% to evade your hands)
You hit the orc but do no damage. The orc closely misses you.
The orc hits you with a +0 flail.
The orc hits you but does no damage. 😮 HP[-3]
You take 3 damage, and now have 17/24 hp.
The orc hits you with a +0 dagger. The orc hits you with a +0 flail!
* * * LOW HITPOINT WARNING * * *
The orc closely misses you. x2
You climb upwards.
There is a stone staircase leading down here. 😱 HP[-13]
You take 13 damage, and now have 4/24 hp.
MASSIVE DAMAGE!! (PAUSE)
Okay, then.
You feel better. The orc barely misses you. The orc hits you with a +0 club.
* * * LOW HITPOINT WARNING * * *
The orc closely misses you. x2 😨 HP[+4]
You regained 4 hp, and now have 8/24 hp.
Casting: Foxfire (safe; 2% risk of failure)
Confirm with . or Enter, or press ? or * to list all spells.
Flames lash the orc.
You kill the orc!
The orc barely misses you. The orc closely misses you.
The orc hits you but does no damage.
The orc misses you. x2; The orc hits you with a +0 short sword.
* * * LOW HITPOINT WARNING * * *
😱 HP[-2] MP[-1]
You take 2 damage, and now have 6/24 hp.
You lost 1 mp, and now have 6/11 mp.
The orc attacks as you move away! The orc closely misses you.
The orc hits you with a +0 short sword.
* * * LOW HITPOINT WARNING * * *
Things that are here:
a +0 club; a +0 ring mail; an orc corpse 😱 HP[-1]
You take 1 damage, and now have 5/24 hp.
There is an open door here.
Okay, then.
Casting: Scorch (safe; 3% risk of failure)
Confirm with . or Enter, or press ? or * to list all spells.
Flames lash the orc.
The orc's fire resistance burns away.
The orc hits you with a +0 flail!
You die...

Skill      XL: |  1  2  3 |
---------------+----------+-----
Conjurations   | 2 |  2.9
Fire Magic     | 4 |  4.3
Dodging        | |  2.4
Stealth        | |  2.4
Spellcasting   | |  3.7

Action                   |  1- 3 |  4- 6 || total
-------------------------+-------+-------++-------
Melee: Unarmed           |       |     1 ||     1
 Cast: Foxfire           |    74 |     9 ||    83
       Scorch            |     2 |     2 ||     4
  Use: Scroll            |     3 |       ||     3
       Potion            |       |     1 ||     1
Armor: Robe              |     6 |     2 ||     8
Dodge: Dodged            |    11 |    18 ||    29

Levels and vault maps discovered:
D:1:      sevenhm_arrival_forest_fort_small_6, layout_loops_ring
D:2:      layout_basic, kennysheep_another_room
D:3:      layout_rooms, nicolae_ecumenical_snake_handling

Notes
Turn   | Place    | Note
-------+----------+-------------------------------------------
     0 | D:1      | kae the Deep Elf Fire Elementalist began the quest for the
                  | Orb.
     0 | D:1      | Reached XP level 1. HP: 10/10 MP: 6/6
     0 | D:1      | magus.rc [v1.11.3]
   323 | D:1      | Reached XP level 2. HP: 15/15 MP: 4/8
   647 | D:1      | Learned a level 2 spell: Scorch
   653 | D:1      | Reached skill level 2 in Conjurations
  1295 | D:2      | Reached XP level 3. HP: 19/19 MP: 4/9
  1299 | D:2      | Learned a level 3 spell: Kindle Blastsparks
  1365 | D:2      | Reached skill level 4 in Fire Magic
  1841 | D:2      | Reached XP level 4. HP: 24/24 MP: 7/11
  2150 | D:3      | Learned a level 3 spell: Inner Flame
  2161 | D:3      | HP: 4/24 [orc/+0 flail (10)]
  2166 | D:2      | HP: 5/24 [orc/+0 short sword (1)]
  2168 | D:2      | Slain by an orc

Vanquished Creatures
  3 adders (D:2)
  A worm (D:2)
  2 dart slugs (D:2)
  2 orcs
  3 ball pythons
  A bat (D:2)
  An endoplasm (D:1)
  2 giant cockroaches
  4 goblins
  4 hobgoblins (D:1)
  2 jackals (D:1)
  6 quokkas
  3 frilled lizards (D:1)
  4 kobolds
  A rat (D:1)
39 creatures vanquished.

Vanquished Creatures (others)
  142 foxfires
142 creatures vanquished.

Grand Total: 181 creatures vanquished

Table legend:
 A = Non-vault XP
 B = Vault XP
 C = Vault XP percentage of total XP
 D = Non-vault monster count
 E = Vault monster count
 F = Vault count percentage of total count
                 A         B        C        D         E       F
            +---------+---------+-------+---------+---------+-------
      Total |     112 |       0 |   0.0 |      39 |       0 |   0.0
            +---------+---------+-------+---------+---------+-------
        D:1 |      36 |       0 |   0.0 |      21 |       0 |   0.0
        D:2 |      73 |       0 |   0.0 |      17 |       0 |   0.0
        D:3 |       3 |       0 |   0.0 |       1 |       0 |   0.0
            +---------+---------+-------+---------+---------+-------

Illustrated notes

Table legend:
 A = Kills in this place as a percentage of kills in entire the game.
 B = Kills by you in this place as a percentage of kills by you in the entire game.
 C = Kills by friends in this place as a percentage of kills by friends in the entire game.
 D = Other kills in this place as a percentage of other kills in the entire game.
 E = Experience gained in this place as a percentage of experience gained in the entire game.
 F = Experience gained in this place divided by the number of levels of this place that you have seen.
                   A       B       C       D       E      F
               +-------+-------+-------+-------+-------+----------------------
         Total | 100.0 | 100.0 |   N/A |   N/A | 100.0 |  37.3
       Dungeon | 100.0 | 100.0 |   N/A |   N/A | 100.0 |  37.3
               +-------+-------+-------+-------+-------+----------------------

Table legend: (Time is in decaauts)
 A = Elapsed time spent in this place.
 B = Non-inter-level travel time spent in this place.
 C = Inter-level travel time spent in this place.
 D = Time resting spent in this place.
 E = Time spent auto-exploring this place.
 F = Levels seen in this place.
 G = Mean time per level.
                   A        B        C        D        E       F      G
               +--------+--------+--------+--------+--------+-----+--------+
         Total |   2167 |   2112 |     55 |      0 |   1835 |   3 |  722.3 |
       Dungeon |   2167 |   2112 |     55 |      0 |   1835 |   3 |  722.3 |
               +--------+--------+--------+--------+--------+-----+--------+

Top non-repeatable levels by time:
     D:1: 1260 daAuts
     D:2: 891 daAuts
     D:3: 16 daAuts
